 Dungeon Crawl Stone Soup version 0.19-a0-1100-g56b2fe9 (webtiles) character file.

296 Jmtri7 the Ducker (level 6, 0/35 HPs)
             Began as a Tengu Gladiator on Aug 8, 2016.
             Succumbed to Jmtri7's ghost's poison
             ... on level 4 of the Dungeon.
             The game lasted 00:06:51 (2950 turns).

Jmtri7 the Ducker (Tengu Gladiator)                 Turns: 2950, Time: 00:06:52

Health: 0/35       AC:  9    Str: 16    XL:     6   Next: 35%
Magic:  5/7        EV: 11    Int:  9    God:
Gold:   106        SH:  0    Dex: 15    Spells: 0 memorised, 5 levels left

rFire  . . .     SeeInvis .     a - +0 long sword
rCold  . . .     Gourm    .     C - +0 chain mail
rNeg   . . .     Faith    .     (no shield)
rPois  .         Spirit   .     c - +0 hat
rElec  .         Dismiss  .     (no cloak)
rCorr  +         Reflect  .     (no gloves)
SustAt .         Harm     .     (boots unavailable)
MR     .....                    (no amulet)
Stlth  ..........               (no ring)
                                o - ring of resist corrosion

@: lethally poisoned (0 -> -33), flying quickly and evasively, quick
A: beak, talons 3, able to fly 1
a: no special abilities


You were on level 4 of the Dungeon.
You were not hungry.

You visited 1 branch of the dungeon, and saw 4 of its levels.

You collected 106 gold pieces.

Inventory:

Hand Weapons
 a - a +0 long sword (weapon)
Missiles
 d - 3 throwing nets (quivered)
Armour
 c - a +0 hat (worn)
 C - a +0 chain mail (worn)
Jewellery
 o - a ring of resist corrosion (left hand)
Scrolls
 b - 2 scrolls of remove curse
 q - 2 scrolls of recharging
 r - a scroll of immolation
 y - a scroll of enchant weapon {unknown}
 B - a scroll of amnesia {unknown}
Potions
 e - a potion of flight {unknown}
 m - a potion of lignification {unknown}
 n - 2 potions of haste {unknown}
 p - a potion of magic {unknown}
 t - a potion of heal wounds {unknown}
 x - a potion of degeneration {unknown}
 A - a potion of curing {unknown}
Comestibles
 f - 3 bread rations
 g - a chunk of flesh
 h - 3 meat rations
 l - a slice of pizza
 s - 2 beef jerkies
 u - 3 fruits


   Skills:
 - Level 2.0 Fighting
 - Level 3.2 Long Blades
 - Level 2.0 Throwing
 + Level 5.2 Armour
 + Level 5.2 Dodging


You had 5 spell levels left.
You didn't know any spells.

Dungeon Overview and Level Annotations

Branches:
Dungeon (4/15)
 Temple: D:4-7

Altars:
Elyvilon

Annotations:
D:4 Jmtri7's ghost, amateur TeMo


Innate Abilities, Weirdness & Mutations

You have a beak for a mouth.
You have claws for feet.
You can fly.


Message History

Your chain mail prevents you from hitting Jmtri7's ghost.
Your peck misses Jmtri7's ghost.
Jmtri7's ghost is lightly damaged.
Your chain mail prevents you from hitting Jmtri7's ghost.
Your kick misses Jmtri7's ghost.
Jmtri7's ghost is lightly damaged.
You feel very sick. Jmtri7's ghost hits you. x2
You closely miss Jmtri7's ghost. Your kick misses Jmtri7's ghost.
You feel sick. Jmtri7's ghost hits you.
* * * LOW HITPOINT WARNING * * *
You are more poisoned.
You miss Jmtri7's ghost.
You claw Jmtri7's ghost, but do no damage.
Your peck misses Jmtri7's ghost.
* * * LOW HITPOINT WARNING * * *
You feel very sick. Jmtri7's ghost hits you.
* * * LOW HITPOINT WARNING * * *
You die...

#.# #. #.#
#. #.# #.
#.# #. #.#
## #.#
##.#######
#.........
#.@.......
#.........
#.W.......
#.........
#.........
#.........
#.........
#.........
..........


You could see Jmtri7's ghost.

Vanquished Creatures
  A scorpion (D:4)
  An orc priest (D:4)
  An orc wizard (D:3)
  A worker ant (D:4)
  4 gnolls (D:3)
  5 adders (D:3)
  An adder skeleton (D:3)
  A worm (D:3)
  2 dart slugs (D:1)
  2 giant geckos (D:1)
  15 orcs
  A ball python (D:1)
  2 giant cockroaches
  5 goblins
  3 hobgoblins
  2 quokkas
  5 bats
  4 giant newts
  6 kobolds
  5 rats
67 creatures vanquished.

Notes
Turn   | Place    | Note
-------+----------+-------------------------------------------
     0 | D:1      | Jmtri7 the Tengu Gladiator began the quest for the Orb.
     0 | D:1      | Reached XP level 1. HP: 12/12 MP: 2/2
    61 | D:1      | Reached skill level 1 in Armour
   160 | D:1      | Reached XP level 2. HP: 17/17 MP: 3/3
   365 | D:1      | You fall through a shaft!
   826 | D:1      | You fall through a shaft!
   882 | D:2      | Reached XP level 3. HP: 21/21 MP: 4/4
  1729 | D:3      | Reached XP level 4. HP: 26/26 MP: 5/5
  2070 | D:3      | Gained mutation: You can fly. [Tengu growth]
  2070 | D:3      | Reached XP level 5. HP: 30/30 MP: 6/6
  2259 | D:3      | Found a white marble altar of Elyvilon.
  2434 | D:4      | Reached skill level 5 in Dodging
  2434 | D:4      | Reached XP level 6. HP: 31/35 MP: 7/7
  2591 | D:4      | Reached skill level 5 in Armour
  2937 | D:4      | Noticed Jmtri7's ghost (amateur TeMo)
  2950 | D:4      | Succumbed to Jmtri7's ghost's poison

Vault maps used:
D:1:      moated_graveyard_arrival, serial_corexii_hall, corexii_hall_statues_i,
          corexii_hall_statues_u, fountainhead
D:2:      first_bread
D:3:      lemuel_crystal_altar
D:4:      uniq_edmund

Skill      XL: |  1  2  3  4  5  6 |
---------------+-------------------+-----
Armour         | 1 2 4 5 |  5.2
Dodging        | 4 5 |  5.2
Fighting       | |  2.0
Long Blades    | |  3.2
Throwing       | |  2.0

Action                   |  1- 3 |  4- 6 || total
-------------------------+-------+-------++-------
Melee: Long sword        |    96 |   133 ||   229
       Peck              |    20 |    17 ||    37
       Kick              |    20 |    37 ||    57
 Abil: Fly               |       |     2 ||     2
  Use: Scroll            |       |     9 ||     9
 Stab: Sleeping          |     2 |       ||     2
  Eat: Chunk             |     2 |     5 ||     7
Armor: Leather armour    |     3 |       ||     3
       Scale mail        |    17 |    11 ||    28
       Chain mail        |       |    63 ||    63
Dodge: Dodged            |    42 |    68 ||   110
